 Dungeon Crawl Stone Soup version 0.26.0-10-g1f06aea511 (webtiles) character file.

Game seed: 18411208976788793013

350 inc the Covert (level 6, -1/24 HPs)
             Began as a Felid Enchanter on Jan 29, 2021.
             Slain by an orc wizard
             ... wielding a +0 dagger
              (7 damage)
             ... on level 4 of the Dungeon.
             The game lasted 00:15:03 (9177 turns).

inc the Covert (Felid Enchanter)                    Turns: 9177, Time: 00:15:03

Health: -1/24      AC:  2    Str:  4    XL:     6   Next: 33%
Magic:  8/10       EV: 18    Int: 17    God:
Gold:   293        SH:  0    Dex: 18    Spells: 3/9 levels left
                                        Lives:  0   Deaths: 2

rFire    . . .     SeeInvis +     - Unarmed
rCold    . . .     Faith    .   (shield unavailable)
rNeg     . . .     Spirit   .   (armour unavailable)
rPois    .         Reflect  .   (helmet unavailable)
rElec    .         Harm     .   (cloak unavailable)
rCorr    +         Rampage  .   (gloves unavailable)
Will     .....                  (boots unavailable)
Stlth    +++++.....             (no amulet)
HPRegen  0.08/turn              i - ring of resist corrosion
MPRegen  0.12/turn              (no ring)

@: quick
A: very small, no armour, no weapons or thrown items, stealth, claws 1, fangs 3,
see invisible, speed 1, shaggy fur 2, sharp paws
a: no special abilities


You were on level 4 of the Dungeon.
You visited 2 branches of the dungeon, and saw 6 of its levels.

You collected 293 gold pieces.

Inventory:

Jewellery
 i - a ring of resist corrosion (left paw)
Scrolls
 a - 2 scrolls of identify
 b - a scroll of enchant weapon
 c - a scroll of noise {unknown}
 f - a scroll of teleportation
Potions
 d - a potion of berserk rage {unknown}
 e - 3 potions of flight
 g - a potion of heal wounds
 h - a potion of lignification


   Skills:
 - Level 2.6 Dodging
 + Level 9.5 Stealth
 - Level 3.2 Unarmed Combat
 - Level 2.0 Spellcasting
 - Level 7.6 Hexes
 - Level 2.5 Ice Magic


You had 3 spell levels left.
You knew the following spells:

 Your Spells              Type           Power        Failure   Level
a - Corona                Hex            30%          1%          1
b - Ensorcelled Hibernat  Hex/Ice        38%          3%          2
c - Confusing Touch       Hex            27%          2%          3

Your spell library contained the following spells:

 Spells                   Type           Power        Failure   Level
 Tukima's Dance           Hex            27%          2%          3
 Dazzling Flash           Conj/Hex       28%          12%         3
 Animate Skeleton         Necr           2%           19%         1
 Apportation              Tloc           2%           19%         1
 Summon Small Mammal      Summ           4%           19%         1


Dungeon Overview and Level Annotations

Branches:
Dungeon (5/15)             Temple (1/1) D:5

Altars:
Ashenzari
Dithmenos
Elyvilon
Fedhas
Gozag
Hepliaklqana
Makhleb
Nemelex Xobeh
Ru
Sif Muna
Trog
Vehumet
Xom
Yredelemnul
Zin


Innate Abilities, Weirdness & Mutations

You cannot wear armour.
You are incapable of wielding weapons or throwing items.
Your paws allow you to move quietly. (Stealth)
You have sharp claws.
You have razor-sharp teeth.
You have supernaturally acute eyesight. (SInv)
You cover ground quickly.
You are covered in thick fur. (AC +2)
Your sharp claws are effective at attacking unaware monsters.


Message History

You are splashed with acid!
You resist.
You die...
You are now level 6!
You rejoin the land of the living...
Found a stone staircase leading down.
An orc wizard is nearby!
Casting: Ensorcelled Hibernation (safe; 3% risk of failure)
Confirm with . or Enter, or press ? or * to list all spells.
Aiming: Ensorcelled Hibernation (safe; 3% risk of failure)
Press: ? - help, Shift-Dir - straight line, f - orc wizard
Aim: an orc wizard, wielding a +0 dagger and wearing a +0 robe (wandering, hasn't noticed you, chance to affect: 50%)
The orc wizard shouts!
The orc wizard looks drowsy...
The orc shouts!
The orc wizard shouts!
The orc zaps a wand.
The bolt of acid hits you! You resist.
You are splashed with acid!
You resist.
* * * LOW HITPOINT WARNING * * *
The orc wizard hits you with a +0 dagger!
You die...

# ######### #. ........# #.
####.# #.######....#
#......#.#### #####......#.#
......o@...#.########
...#####............#.#......#
....#...............#.#.####.#
....#...............#.#.#<(#.#
...........o.........>#.##.#.#
.o..#...........#######....#.#
.................# #.##.#.#
.....# #........# ########.#
...!.## #........# #.รท......#


You could see an orc wizard and an orc.

Vanquished Creatures
  An orc warrior (D:3)
  2 ogres
  A centaur (D:5)
  A scorpion (D:4)
  A howler monkey (D:4)
  2 orc priests
  A hound (D:4)
  An iguana (D:5)
  3 worker ants (D:4)
  An orc wizard (D:3)
  3 gnolls (D:4)
  6 adders
  An ooze (D:2)
  3 worms
  5 dart slugs
  A leopard gecko (D:3)
  15 orcs
  6 giant cockroaches
  13 goblins
  7 hobgoblins
  5 jackals (D:3)
  3 quokkas
  9 bats
  4 frilled lizards
  7 kobolds
  9 rats
111 creatures vanquished.

Vanquished Creatures (others)
  A goblin (D:2)
1 creature vanquished.

Grand Total: 112 creatures vanquished

Notes
Turn   | Place    | Note
-------+----------+-------------------------------------------
     0 | D:1      | inc the Felid Enchanter began the quest for the Orb.
     0 | D:1      | Reached XP level 1. HP: 7/7 MP: 4/4
   337 | D:1      | Reached XP level 2. HP: 11/11 MP: 4/6
   753 | D:1      | Learned a level 2 spell: Ensorcelled Hibernation
  1219 | D:2      | Reached XP level 3. HP: 14/14 MP: 4/7
  1821 | D:2      | Reached skill level 1 in Ice Magic
  1875 | D:2      | Found a bloodstained altar of Trog.
  2177 | D:2      | Reached XP level 4. HP: 18/18 MP: 3/8
  2254 | D:2      | Reached skill level 5 in Hexes
  3314 | D:2      | Found a radiant altar of Vehumet.
  3764 | D:3      | Learned a level 3 spell: Confusing Touch
  4189 | D:3      | Reached XP level 5. HP: 18/21 MP: 0/9
  4759 | D:3      | Noticed an orc warrior
  5286 | D:3      | Found a sacrificial altar of Ru.
  5901 | D:4      | Noticed a phantom
  5982 | D:4      | Noticed an ogre
  6005 | D:5      | Entered Level 5 of the Dungeon
  6007 | D:5      | Found a staircase to the Ecumenical Temple.
  6024 | Temple   | Entered the Ecumenical Temple
  6130 | D:5      | Noticed a centaur
  6156 | D:5      | Killed a centaur
  6157 | D:5      | Gained mutation: You are covered in thick fur. (AC +2)
                  | [Felid growth]
  6157 | D:5      | Reached XP level 6. HP: 22/24 MP: 4/10
  6828 | D:3      | Mangled by an orc warrior
  6829 | D:3      | Reached XP level 5. HP: -9/21 MP: 4/9
  6873 | D:4      | Reached skill level 5 in Stealth
  7065 | D:3      | Killed an ogre
  7066 | D:3      | Reached skill level 6 in Stealth
  7066 | D:3      | Reached XP level 6. HP: 9/24 MP: 5/10
  7398 | D:3      | Killed an orc warrior
  7399 | D:3      | Reached skill level 7 in Stealth
  7687 | D:4      | Reached skill level 8 in Stealth
  7829 | D:4      | Reached XP level 7. HP: 27/27 MP: 4/11
  8610 | D:4      | Reached skill level 9 in Stealth
  9163 | D:4      | Splashed by an orc's acid
  9164 | D:4      | Reached XP level 6. HP: -2/24 MP: 5/10
  9177 | D:4      | Slain by an orc wizard

Illustrated notes

Levels and vault maps discovered:
D:1:      ncdulo_halloftheorcs, layout_loops_ring
D:2:      layout_loops_corners, fiery_altar_vehumet, bloody_trog,
          guppyfry_early_orc_mine
D:3:      layout_loops_ring, lemuel_round_altar
D:4:      layout_basic
D:5:      layout_loops_ring, kennysheep_okawaru_gauntlet,
          minmay_temple_entry_large_hall, tgw_sif
Temple:   minmay_temple_bridge_abc

Skill      XL: |  1  2  3  4  5  6  7 |
---------------+----------------------+-----
Unarmed Combat | 2 3 |  3.2
Ice Magic      | 1 2 |  2.5
Hexes          | 5 7 |  7.6
Stealth        | 6 8 9 |  9.5
Dodging        | |  2.6
Spellcasting   | |  2.0

Action                   |  1- 3 |  4- 6 |  7- 9 || total
-------------------------+-------+-------+-------++-------
Melee: Unarmed           |    55 |   132 |    17 ||   204
       Bite              |     3 |     3 |       ||     6
       Punch             |       |     2 |       ||     2
 Cast: Corona            |     6 |       |       ||     6
       Ensorcelled Hiber |    30 |    95 |    23 ||   148
       Confusing Touch   |       |     2 |     1 ||     3
  Use: Scroll            |     6 |     4 |       ||    10
       Potion            |       |     3 |       ||     3
 Stab: Sleeping          |    21 |    63 |     9 ||    93
       Confused          |       |     4 |       ||     4
Armor: Skin              |     5 |     5 |     1 ||    11
Dodge: Dodged            |    49 |    92 |    10 ||   151
